TOP OF THE 1ST |
Tulsa Drillers batting - Pitching for San Jose Giants : RHP Jim Sprayberry
|
Pitching: RHP Jim Sprayberry
|
|
Batting: RHB Perry Dominey
|
0-0: Hit by Pitch
|
Batting: SHB Guy Jerome
|
0-0: Ball 1-0: Called Strike 1-1: Swinging Strike 1-2: Ball 2-2: Foul Ball, location: 2F 2-2: Ball 3-2: Base on Balls Perry Dominey to second
|
Batting: LHB Bobby Gonzalez
|
0-0: Ball Perry Dominey is caught stealing 3rd base 2-5 Guy Jerome to second 1-0: Called Strike 1-1: Ball 2-1: Foul Ball, location: 2F 2-2: Foul Ball, location: 2F 2-2: Foul Ball, location: 2F 2-2: Strikes out swinging
|
Batting: SHB Ray Luna
|
0-0: Called Strike 0-1: Ball 1-1: Ground out 6-3 (Groundball, 6, EV 105.6 MPH)
|
Top of the 1st over - 0 runs, 0 hits, 0 errors, 1 left on base; Tulsa 0 - San Jose 0 |
BOTTOM OF THE 1ST |
San Jose Giants batting - Pitching for Tulsa Drillers : RHP Mike Mik
|
Pitching: RHP Mike Mik
|
|
Batting: RHB Laroya Foronda
|
0-0: Called Strike 0-1: Foul Ball, location: 2F 0-2: Fly out, F9 (Flyball, 9, EV 84.4 MPH)
|
Batting: RHB Billy Pranger
|
0-0: Called Strike 0-1: Swinging Strike 0-2: Strikes out looking
|
Batting: LHB Mike Roberts
|
0-0: Called Strike 0-1: Ball 1-1: Foul Ball, location: 2F 1-2: Fly out, F5 (Popup, 56S, EV 90.6 MPH)
|
Bottom of the 1st over - 0 runs, 0 hits, 0 errors, 0 left on base; Tulsa 0 - San Jose 0 |
TOP OF THE 2ND |
Tulsa Drillers batting - Pitching for San Jose Giants : RHP Jim Sprayberry
|
Batting: LHB Nate Kee
|
0-0: Called Strike 0-1: Called Strike 0-2: Foul Ball, location: 2F 0-2: SOLO HOME RUN (Flyball, 9D, EV 102.5 MPH), Distance : 385 ft
|
Batting: RHB Jerry Blas
|
0-0: Called Strike 0-1: Ball 1-1: Fly out, F7 (Line Drive, 7, EV 90.6 MPH)
|
Batting: RHB Jonathan Sotelo
|
0-0: Swinging Strike 0-1: Ball 1-1: Ball 2-1: Swinging Strike 2-2: Strikes out looking
|
Batting: LHB Joe Phillips
|
0-0: Ball 1-0: Ball 2-0: Called Strike 2-1: Called Strike 2-2: Fly out, F8 (Flyball, 8RM, EV 92.5 MPH)
|
Top of the 2nd over - 1 run, 1 hit, 0 errors, 0 left on base; Tulsa 1 - San Jose 0 |
BOTTOM OF THE 2ND |
San Jose Giants batting - Pitching for Tulsa Drillers : RHP Mike Mik
|
Batting: LHB Ryan Braden
|
0-0: DOUBLE (Line Drive, 78D, EV 110.6 MPH)
|
Batting: SHB Mitchell Greene
|
0-0: Ball 1-0: Called Strike 1-1: Foul Ball, location: 2F 1-2: Ground out 6-3 (Groundball, 6, EV 110.0 MPH)
|
Batting: RHB Azedine Kirui
|
0-0: Ball 1-0: Foul Ball, location: 2F 1-1: Called Strike 1-2: SINGLE (Groundball, 56S, EV 65.6 MPH) (infield hit) Ryan Braden to third
|
Batting: RHB Guillermo Mojica
|
0-0: Fly out, F3 (Popup, 34S, EV 67.5 MPH)
|
Batting: LHB Yeong-hun Joe
|
0-0: Ball 1-0: Foul Ball, location: 2F 1-1: Foul Ball, location: 2F 1-2: Ball 2-2: Ground out 4-3 (Groundball, 4, EV 89.4 MPH)
|
Bottom of the 2nd over - 0 runs, 2 hits, 0 errors, 2 left on base; Tulsa 1 - San Jose 0 |
TOP OF THE 3RD |
Tulsa Drillers batting - Pitching for San Jose Giants : RHP Jim Sprayberry
|
Batting: RHB Justin Van Houten
|
0-0: Called Strike 0-1: Called Strike 0-2: Strikes out swinging
|
Batting: RHB Perry Dominey
|
0-0: Ground out 1-3 (Groundball, 15S, EV 65.6 MPH)
|
Batting: SHB Guy Jerome
|
0-0: Ball 1-0: Called Strike 1-1: Ball 2-1: Fly out, F9 (Flyball, 9, EV 79.4 MPH)
|
Top of the 3rd over - 0 runs, 0 hits, 0 errors, 0 left on base; Tulsa 1 - San Jose 0 |
BOTTOM OF THE 3RD |
San Jose Giants batting - Pitching for Tulsa Drillers : RHP Mike Mik
|
Batting: RHB Adam Noyes
|
0-0: Bunt missed! 0-1: Fly out, F7 (Flyball, 78S, EV 77.5 MPH)
|
Batting: RHB Laroya Foronda
|
0-0: Ball 1-0: Ball 2-0: SOLO HOME RUN (Flyball, 7D, EV 95.0 MPH), Distance : 384 ft
|
Batting: RHB Billy Pranger
|
0-0: Called Strike 0-1: Ball 1-1: Ball 2-1: Swinging Strike 2-2: Strikes out swinging
|
Batting: LHB Mike Roberts
|
0-0: Swinging Strike 0-1: Ball 1-1: Ball 2-1: Swinging Strike 2-2: Strikes out swinging
|
Bottom of the 3rd over - 1 run, 1 hit, 0 errors, 0 left on base; Tulsa 1 - San Jose 1 |
TOP OF THE 4TH |
Tulsa Drillers batting - Pitching for San Jose Giants : RHP Jim Sprayberry
|
Batting: LHB Bobby Gonzalez
|
0-0: Foul Ball, location: 2F 0-1: Foul Ball, location: 2F 0-2: Ball 1-2: Strikes out swinging
|
Batting: SHB Ray Luna
|
0-0: Reached on error, E5 (Groundball, 6, EV 108.8 MPH)
|
Batting: LHB Nate Kee
|
0-0: Ball 1-0: Called Strike 1-1: Foul Ball, location: 2F 1-2: Ball 2-2: Strikes out swinging
|
Batting: RHB Jerry Blas
|
0-0: Ball 1-0: Ball 2-0: Ball 3-0: Foul Ball, location: 2F 3-1: Foul Ball, location: 2F 3-2: SINGLE (Line Drive, 56D, EV 100.0 MPH) Ray Luna to second Ray Luna to third
|
Batting: RHB Jonathan Sotelo
|
0-0: Called Strike 0-1: Ball 1-1: Foul Ball, location: 2F 1-2: Ball 2-2: Ball 3-2: Foul Ball, location: 2F 3-2: Foul Ball, location: 2F 3-2: Ground out 5-3 (Groundball, 5L, EV 80.0 MPH)
|
Top of the 4th over - 0 runs, 1 hit, 1 error, 2 left on base; Tulsa 1 - San Jose 1 |
BOTTOM OF THE 4TH |
San Jose Giants batting - Pitching for Tulsa Drillers : RHP Mike Mik
|
Batting: LHB Ryan Braden
|
0-0: Reached on error, E5 (Groundball, 56S, EV 80.6 MPH)
|
Batting: SHB Mitchell Greene
|
0-0: Ball 1-0: Called Strike 1-1: Called Strike 1-2: Ball 2-2: Strikes out swinging
|
Batting: RHB Azedine Kirui
|
0-0: Called Strike Ryan Braden steals 2nd base 0-1: Called Strike 0-2: Strikes out looking
|
Batting: RHB Guillermo Mojica
|
0-0: Swinging Strike 0-1: Foul Ball, location: 2F 0-2: Ball 1-2: Ground out 1-3 (Groundball, 13S, EV 65.6 MPH)
|
Bottom of the 4th over - 0 runs, 0 hits, 1 error, 1 left on base; Tulsa 1 - San Jose 1 |
TOP OF THE 5TH |
Tulsa Drillers batting - Pitching for San Jose Giants : RHP Jim Sprayberry
|
Batting: LHB Joe Phillips
|
0-0: Ball 1-0: Swinging Strike 1-1: Ball 2-1: Called Strike 2-2: Fly out, F7 (Flyball, 7, EV 86.9 MPH)
|
Batting: RHB Justin Van Houten
|
0-0: SINGLE (Groundball, 56D, EV 96.9 MPH)
|
Batting: RHB Perry Dominey
|
0-0: Ball 1-0: Ball 2-0: Foul Ball, location: 2F 2-1: Foul Ball, location: 2F 2-2: Fly out, F8 (Flyball, 89M, EV 90.6 MPH)
|
Batting: SHB Guy Jerome
|
0-0: Fielders Choice at 2nd, U6 (Groundball, 6M, EV 83.8 MPH)
|
Top of the 5th over - 0 runs, 1 hit, 0 errors, 1 left on base; Tulsa 1 - San Jose 1 |
BOTTOM OF THE 5TH |
San Jose Giants batting - Pitching for Tulsa Drillers : RHP Mike Mik
|
Batting: LHB Yeong-hun Joe
|
0-0: Foul Ball, location: 2F 0-1: Ball 1-1: Foul Ball, location: 2F 1-2: Strikes out swinging
|
Batting: RHB Adam Noyes
|
0-0: Ball 1-0: Fly out, F8 (Flyball, 78M, EV 81.9 MPH)
|
Batting: RHB Laroya Foronda
|
0-0: SINGLE (Line Drive, 6MD, EV 103.1 MPH)
|
Batting: RHB Billy Pranger
|
0-0: Called Strike Laroya Foronda steals 2nd base (no throw) 0-1: Swinging Strike 0-2: Fly out, F4 (Popup, 4, EV 61.2 MPH)
|
Bottom of the 5th over - 0 runs, 1 hit, 0 errors, 1 left on base; Tulsa 1 - San Jose 1 |
TOP OF THE 6TH |
Tulsa Drillers batting - Pitching for San Jose Giants : RHP Jim Sprayberry
|
Batting: LHB Bobby Gonzalez
|
0-0: Ball 1-0: Ball 2-0: Called Strike 2-1: Ground out U3 (Groundball, 3, EV 97.5 MPH)
|
Batting: SHB Ray Luna
|
0-0: Swinging Strike 0-1: Ball 1-1: Ball 2-1: Foul Ball, location: 2F 2-2: Ground out 4-3 (Groundball, 34D, EV 91.2 MPH)
|
Batting: LHB Nate Kee
|
0-0: Ball 1-0: Called Strike 1-1: Ball 2-1: Fly out, F9 (Flyball, 9D, EV 104.4 MPH)
|
Top of the 6th over - 0 runs, 0 hits, 0 errors, 0 left on base; Tulsa 1 - San Jose 1 |
BOTTOM OF THE 6TH |
San Jose Giants batting - Pitching for Tulsa Drillers : RHP Mike Mik
|
Batting: LHB Mike Roberts
|
0-0: Ball 1-0: Ground out 6-3 (Groundball, 6, EV 81.2 MPH)
|
Batting: LHB Ryan Braden
|
0-0: Ball 1-0: Ball 2-0: Ball 3-0: Called Strike 3-1: Base on Balls
|
Batting: SHB Mitchell Greene
|
0-0: Ball 1-0: Foul Ball, location: 2F 1-1: Ball Ryan Braden steals 2nd base (no throw) 2-1: Foul Ball, location: 2F 2-2: Foul Ball, location: 2F 2-2: Ground out 1-3 (Groundball, 13S, EV 73.8 MPH) Ryan Braden to third
|
Batting: RHB Azedine Kirui
|
0-0: Ball 1-0: Called Strike 1-1: Ball 2-1: Ball 3-1: Fly out, F8 (Flyball, 8LD, EV 95.6 MPH)
|
Bottom of the 6th over - 0 runs, 0 hits, 0 errors, 1 left on base; Tulsa 1 - San Jose 1 |
TOP OF THE 7TH |
Tulsa Drillers batting - Pitching for San Jose Giants : RHP Jim Sprayberry
|
Pitching: RHP Isidro Aguirre
|
|
Batting: RHB Jerry Blas
|
0-0: Called Strike 0-1: Ball 1-1: Ball 2-1: Ball 3-1: Base on Balls
|
Batting: RHB Jonathan Sotelo
|
0-0: Ball 1-0: Foul Ball, location: 2F 1-1: Foul Ball, location: 2F 1-2: Ball 2-2: Foul Ball, location: 2F 2-2: Strikes out swinging
|
Batting: LHB Joe Phillips
|
0-0: Called Strike 0-1: Ball 1-1: Called Strike 1-2: Strikes out looking
|
Batting: RHB Justin Van Houten
|
0-0: Ball 1-0: Ball 2-0: Ball 3-0: Fly out, F8 (Flyball, 8LXD, EV 108.8 MPH)
|
Top of the 7th over - 0 runs, 0 hits, 0 errors, 1 left on base; Tulsa 1 - San Jose 1 |
BOTTOM OF THE 7TH |
San Jose Giants batting - Pitching for Tulsa Drillers : RHP Mike Mik
|
Batting: RHB Guillermo Mojica
|
0-0: Ball 1-0: Ball 2-0: Foul Ball, location: 2F 2-1: Ground out 6-3 (Groundball, 6, EV 86.2 MPH)
|
Pitching: RHP Alex Vasquez
|
|
Batting: LHB Yeong-hun Joe
|
0-0: Ball 1-0: Ball 2-0: Foul Ball, location: 2F 2-1: Ball 3-1: Foul Ball, location: 2F 3-2: Reached on error, E4 (Groundball, 4, EV 85.0 MPH)
|
Batting: RHB Adam Noyes
|
0-0: Ball Wild Pitch! Yeong-hun Joe to second 1-0: Called Strike 1-1: Called Strike 1-2: Foul Ball, location: 2F 1-2: Foul Ball, location: 2F 1-2: Ball 2-2: Strikes out swinging
|
Batting: RHB Laroya Foronda
|
0-0: Ball 1-0: Foul Ball, location: 2F 1-1: Called Strike 1-2: Ground out 5-3 (Groundball, 56S, EV 80.0 MPH)
|
Bottom of the 7th over - 0 runs, 0 hits, 1 error, 1 left on base; Tulsa 1 - San Jose 1 |
TOP OF THE 8TH |
Tulsa Drillers batting - Pitching for San Jose Giants : RHP Isidro Aguirre
|
Batting: RHB Perry Dominey
|
0-0: Ball 1-0: Foul Ball, location: 2F 1-1: Ball 2-1: Foul Ball, location: 2F 2-2: Foul Ball, location: 2F 2-2: SINGLE (Groundball, 6S, EV 73.1 MPH) (infield hit)
|
Batting: SHB Guy Jerome
|
0-0: Called Strike 0-1: Ball 1-1: Swinging Strike 1-2: Grounds into double play, 4-6-3 (Groundball, 4, EV 91.9 MPH)
|
Batting: LHB Bobby Gonzalez
|
0-0: Called Strike 0-1: Ball 1-1: Foul Ball, location: 2F 1-2: Foul Ball, location: 2F 1-2: Fly out, F8 (Flyball, 8LM, EV 89.4 MPH)
|
Top of the 8th over - 0 runs, 1 hit, 0 errors, 0 left on base; Tulsa 1 - San Jose 1 |
BOTTOM OF THE 8TH |
San Jose Giants batting - Pitching for Tulsa Drillers : RHP Alex Vasquez
|
Batting: RHB Billy Pranger
|
0-0: Swinging Strike 0-1: Foul Ball, location: 2F 0-2: Strikes out looking
|
Batting: LHB Mike Roberts
|
0-0: Ball 1-0: SINGLE (Groundball, 4MD, EV 101.9 MPH)
|
Batting: LHB Ryan Braden
|
0-0: Called Strike 0-1: Ball 1-1: Foul Ball, location: 2F 1-2: Foul Ball, location: 2F 1-2: Ball 2-2: 2-RUN HOME RUN (Flyball, 9LD, EV 95.6 MPH), Distance : 383 ft
|
Batting: SHB Mitchell Greene
|
0-0: Called Strike 0-1: Foul Ball, location: 2F 0-2: Ground out U3 (Groundball, 3S, EV 85.6 MPH)
|
Batting: RHB Azedine Kirui
|
0-0: Foul Ball, location: 2F 0-1: Ball 1-1: DOUBLE (Line Drive, 7LS, EV 105.0 MPH)
|
Batting: RHB Guillermo Mojica
|
0-0: Foul Ball, location: 2F 0-1: Ball 1-1: Ground out 4-3 (Groundball, 34, EV 88.8 MPH)
|
Bottom of the 8th over - 2 runs, 3 hits, 0 errors, 1 left on base; Tulsa 1 - San Jose 3 |
TOP OF THE 9TH |
Tulsa Drillers batting - Pitching for San Jose Giants : RHP Isidro Aguirre
|
Pitching: RHP Mike Flynn
|
|
Now at 1B: Tony Mendez
|
|
Now at 2B: Alex Belton
|
|
Batting: SHB Ray Luna
|
0-0: Ball 1-0: Ball 2-0: Ground out 4-3 (Groundball, 4, EV 80.0 MPH)
|
Batting: LHB Nate Kee
|
0-0: Ball 1-0: SINGLE (Line Drive, 7S, EV 111.9 MPH)
|
Batting: RHB Jerry Blas
|
0-0: Called Strike 0-1: Ball 1-1: Grounds into double play, 6-4-3 (Groundball, 6M, EV 90.0 MPH)
|
Top of the 9th over - 0 runs, 1 hit, 0 errors, 0 left on base; Tulsa 1 - San Jose 3 |
|